 Dungeon Crawl Stone Soup version 0.32-a0-886-g41c5271027 (webtiles) character file.

Game seed: 7327972900122600133

124 DEFE the Chopper (level 5, -8/41 HPs)
             Began as a Coglin Fighter on Apr 2, 2024.
             Splashed by a jelly's acid (9 damage)
             ... on level 6 of the Dungeon.
             The game lasted 00:01:29 (2434 turns).

DEFE the Chopper (Coglin Fighter)                   Turns: 2434, Time: 00:01:31

Health: -8/41      AC: -5    Str: 17    XL:     5   Next: 8%
Magic:  5/5        EV:  8    Int:  7    God:
Gold:   138        SH:  4    Dex: 15    Spells: 4/4 levels left

rFire   . . .        a - +0 war axe {Daeho}
rCold   . . .        c - +0 buckler
rNeg    . . .        b - +0 scale mail
rPois   .            (no helmet)
rElec   .            (no cloak)
rCorr   .            (no gloves)
SInv    .            (no boots)
Will    .....        (amulet unavailable) Stlth
                     (ring unavailable)
HPRegen 0.26/turn    (ring unavailable)
MPRegen 0.09/turn    (no gizmo)

%: no passive effects
@: corroded, revving
A: off-hand wielding, slow wielding, warmup strikes, no jewellery
a: Invent Gizmo


You were on level 6 of the Dungeon.
You visited 1 branch of the dungeon, and saw 4 of its levels.

You collected 138 gold pieces.

Inventory:

Hand Weapons
 a - a +0 war axe (weapon) {Daeho}
Armour
 b - a +0 scale mail (worn)
 c - a +0 buckler (worn)
Scrolls
 e - a scroll of fear {unknown}
 g - 2 scrolls of identify
 j - 3 scrolls of noise {unknown}
 k - a scroll of teleportation {unknown}
 l - a scroll of enchant weapon {unknown}
 n - a scroll of torment {unknown}
 o - a scroll of poison {unknown}
Potions
 d - a potion of might
 f - 3 potions of curing {unknown}
 h - a potion of magic {unknown}
 i - 3 potions of ambrosia {unknown}
 m - a potion of brilliance {unknown}
 p - a potion of resistance {unknown}
 q - a potion of haste {unknown}


   Skills:
 - Level 3.0 Fighting
 + Level 5.1 Axes
 - Level 2.6 Armour
 - Level 2.1 Shields


You had 4 spell levels left.
You didn't know any spells.
Your spell library was empty.

Dungeon Overview and Level Annotations

Branches:
Dungeon (3/15)

Altars:


Innate Abilities, Weirdness & Mutations

You can wield a second weapon in your off-hand.
It takes a long time for you to wield or remove held weapons.
Your first few attacks do less damage.
You cannot equip rings or amulets.


Message History

You fall into a shaft and drop 3 floors!
The shaft crumbles and collapses.
Unknown command.
Found a barding.
A jelly comes into view.
The jelly moves out of view.
No target in view!
A jelly is nearby!
Found a stone staircase leading down.
The jelly hits you. The acid corrodes you!
You are splashed with acid!
You hit the jelly but do no damage.
Your graspers burn!
The jelly hits you but does no damage.
You slash the jelly! The acid corrodes you!
Your graspers burn!
The jelly is heavily wounded.
The jelly hits you. The acid corrodes you!
You are splashed with acid!
You are too injured to fight recklessly!
You are too injured to fight recklessly!
You are too injured to fight recklessly!
You are too injured to fight recklessly!
You are too injured to fight recklessly!
You are too injured to fight recklessly!
You are too injured to fight recklessly!
Unknown command.
Unknown command.
You hit the jelly but do no damage.
Your graspers burn!
* * * LOW HITPOINT WARNING * * *
The jelly is heavily wounded.
The jelly hits you.
* * * LOW HITPOINT WARNING * * *
You are splashed with acid!
* * * LOW HITPOINT WARNING * * *
Unknown command.
Okay, then.
As you read the scroll labelled ZOIF UNILUGUV, it crumbles to dust.
It is a scroll of identify.
Okay, then.
The jelly hits you.
* * * LOW HITPOINT WARNING * * *
The acid corrodes you!
You are splashed with acid!
You die...

.# ### ###.# #. ..
..#.# ..##.##.#.###
#...........#
#.........>.#
#.......J...#
#......@###
#.......#.# #..
........#.#.# #....
..
##........#.#.#.#.#
#[
##...###.#.#.#.#.#..
#...............#.
#...##.##.#.#.#..
#... #.##.#.#.#.#
#...##.##.#.#.#.#


You could see a jelly.

Vanquished Creatures
  An iguana (D:3)
  4 adders
  2 dart slugs
  An orc (D:2)
  5 endoplasms
  2 giant cockroaches
  2 goblins (D:1)
  6 hobgoblins
  5 jackals
  4 kobolds
  A quokka (D:2)
  8 ball pythons
  6 bats
  2 frilled lizards
  6 rats
55 creatures vanquished.

Vanquished Creatures (others)
  An endoplasm (D:2)
  A goblin (D:2)
  A hobgoblin (D:2)
3 creatures vanquished.

Grand Total: 58 creatures vanquished

Notes
Turn   | Place    | Note
-------+----------+-------------------------------------------
     0 | D:1      | DEFE the Coglin Fighter began the quest for the Orb.
     0 | D:1      | Reached XP level 1. HP: 18/18 MP: 1/1
   141 | D:1      | Reached XP level 2. HP: 24/24 MP: 2/2
   382 | D:1      | Reached skill level 3 in Axes
   756 | D:1      | Reached XP level 3. HP: 29/29 MP: 3/3
  1208 | D:2      | Reached skill level 4 in Axes
  1208 | D:2      | Reached XP level 4. HP: 32/35 MP: 4/4
  2254 | D:3      | Reached skill level 5 in Axes
  2254 | D:3      | Reached XP level 5. HP: 35/41 MP: 5/5
  2408 | D:3      | You fall into a shaft and drop 3 floors!
  2433 | D:6      | HP: 2/41 [acid (9)]
  2434 | D:6      | Splashed by a jelly's acid

Illustrated notes

Levels and vault maps discovered:
D:1:      dpeg_arrival_three_same_balls, layout_basic,
          amcnicky_mini_rare_corridor_liquid, minmay_hexomino_p4
D:2:      layout_basic, lemuel_flame_loot_1
D:3:      layout_loops_cross, uniq_robin
D:6:      layout_basic, minmay_tree_intersection, uniq_prince_ribbit1

Skill      XL: |  1  2  3  4 |
---------------+-------------+-----
Axes           | 3 4 5 |  5.1
Fighting       | |  3.0
Armour         | |  2.6
Shields        | |  2.1

Action                     |  1- 3 |  4- 6 || total
---------------------------+-------+-------++-------
  Melee: War axe           |    89 |    72 ||   161
    Use: Potion            |       |     1 ||     1
         Scroll            |       |     1 ||     1
 Armour: Scale mail        |   100 |    54 ||   154
  Dodge: Dodged            |    43 |    36 ||    79
  Block: Buckler           |    27 |    27 ||    54

Table legend: (Time is in decaauts)
 A = Elapsed time spent in this place.
 B = Non-inter-level travel time spent in this place.
 C = Inter-level travel time spent in this place.
 D = Time resting spent in this place.
 E = Time spent auto-exploring this place.
 F = Levels seen in this place.
 G = Mean time per level.
                   A        B        C        D        E       F      G
               +--------+--------+--------+--------+--------+-----+--------+
         Total |   2491 |   2460 |     31 |    278 |   1791 |   4 |  622.8 |
       Dungeon |   2491 |   2460 |     31 |    278 |   1791 |   4 |  622.8 |
               +--------+--------+--------+--------+--------+-----+--------+

Top non-repeatable levels by time:
     D:1: 1123 daAuts
     D:2: 1062 daAuts
     D:3: 279 daAuts
     D:6: 26 daAuts
